 Dungeon Crawl Stone Soup version 0.23.1 (webtiles) character file.

Game seed: 0

434352 Irenicus the Metallomancer (level 22, -1/178 HPs)
             Began as a Deep Dwarf Earth Elementalist on Mar 14, 2019.
             Was the Champion of Makhleb.
             Slain by a vault warden
             ... wielding a +0 war axe
              (22 damage)
             ... on level 5 of the Vaults on Mar 15, 2019.
             The game lasted 05:33:26 (21987 turns).

Irenicus the Metallomancer (DDEE)                  Turns: 21987, Time: 05:33:27

Health: -1/178     AC: 19    Str: 19    XL:     22   Next: 58%
Magic:  7/48 (39)  EV: 18    Int: 25    God:    Makhleb [******]
Gold:   3643       SH: 18    Dex: 13    Spells: 22/47 levels left

rFire    . . .     SeeInvis .   V - staff of energy {@w1+MP, hungerless spells, !d!a}
rCold    + . .     Gourm    .   I - +4 shield {reflect}
rNeg     + . .     Faith    .   S - +3 leather armour {rC+}
rPois    +         Spirit   .   H - +2 helmet
rElec    .         Reflect  +   o - +2 cloak of the Vacuum {+Fly Int+2}
rCorr    +         Harm     .   M - +2 pair of gloves
MR       +++..     Rnd*Rage +   K - +2 pair of boots of the Skies Above {rPois Str+4}
Stlth    +++++.....             l - amulet "Wuen" {RegenMP Stlth+}
HPRegen  0.00/turn              O - ring of magical power {MP+9}
MPRegen  0.56/turn              U - ring of resist corrosion

@: non-regenerating
A: damage resistance, heal wounds, berserk 2, deformed body, negative energy
resistance 1, sense surroundings 3, shaggy fur 1, no potion heal 1, no
regeneration
}: 3/15 runes: decaying, serpentine, slimy
a: Heal Wounds, Minor Destruction, Lesser Servant of Makhleb, Major Destruction,
Greater Servant of Makhleb, Renounce Religion, Evoke Flight


You were on level 5 of the Vaults.
You worshipped Makhleb.
Makhleb was exalted by your worship.
You were not hungry.

You visited 8 branches of the dungeon, and saw 42 of its levels.
You visited the Abyss 1 time.
You also visited: Ossuary, Gauntlet and Ice Cave.

You collected 5112 gold pieces.
You spent 1469 gold pieces at shops.

Inventory:

Hand Weapons
 z - the +8 arc blade {discharge, rElec}
   (You found it on level 3 of the Elven Halls)

   It insulates you from electricity.
Missiles
 t - 200 stones (quivered)
Armour
 o - the +2 cloak of the Vacuum (worn) {+Fly Int+2}
   (You found it on level 5 of the Lair of Beasts)

   It affects your intelligence (+2).
   It lets you fly.
 q - a +2 cloak of cold resistance
   (You found it in an ice cave)
 H - a +2 helmet (worn)
   (You found it on level 5 of the Dungeon)
 I - a +4 shield of reflection (worn)
   (You took it off a minotaur in a Gauntlet)
 K - the +2 pair of boots of the Skies Above (worn) {rPois Str+4}
   (You found it in a Gauntlet)

   It affects your strength (+4).
   It protects you from poison.
 M - a +2 pair of gloves (worn)
   (You found it on level 6 of the Lair of Beasts)
 S - a +3 leather armour of cold resistance (worn)
   (You took it off a deep elf archer on level 3 of the Elven Halls)
Magical Staves
 R - an uncursed staff of earth
   (You took it off Jorgrun on level 2 of the Elven Halls)
 V - an uncursed staff of energy (weapon) {@w1+MP, hungerless spells, !d!a}
   (You found it on level 5 of the Dungeon)
Jewellery
 l - the amulet "Wuen" (around neck) {RegenMP Stlth+}
   (You bought it in a shop on level 1 of the Elven Halls)

   [amulet of magic regeneration]

   It increases your magic regeneration.
   It makes you more stealthy.
 s - an uncursed ring of protection from fire {rF+, !d}
   (You found it on level 5 of the Pits of Slime)
 A - an uncursed ring of protection from cold {rC+, !d}
   (You found it in an ice cave)
 D - an uncursed ring of see invisible {sInv, !d}
   (You found it on level 5 of the Dungeon)
 L - an uncursed ring of positive energy {rN+}
   (You found it on level 3 of the Elven Halls)
 O - a ring of magical power (left hand) {MP+9}
   (You found it on level 6 of the Lair of Beasts)
 U - a ring of resist corrosion (right hand)
   (You found it on level 1 of the Snake Pit)
 W - an uncursed ring of protection from magic {MR+, !d}
   (You found it in a Gauntlet)
Wands
 i - a wand of acid (15)
   (You found it on level 4 of the Snake Pit)
 p - a wand of paralysis (5)
   (You found it on level 6 of the Dungeon)
 r - a wand of iceblast (15)
   (You found it on level 4 of the Dungeon)
 E - a wand of disintegration (15)
   (You found it on level 5 of the Lair of Beasts)
 J - a wand of scattershot (8)
   (You found it on level 7 of the Dungeon)
 N - a wand of digging (24)
   (You found it on level 9 of the Dungeon)
Scrolls
 h - 15 scrolls of teleportation
 k - 10 scrolls of remove curse
 m - 5 scrolls of blinking {!r}
 n - 5 scrolls of fog
 x - 4 scrolls of fear
 y - 3 scrolls of summoning
 Q - a scroll of identify
 T - 4 scrolls of immolation {!r}
Potions
 b - 23 potions of curing
 c - 3 potions of resistance
 e - 2 potions of lignification {!q}
 g - 7 potions of flight
 j - 4 potions of magic
 v - 5 potions of brilliance
 w - 9 potions of heal wounds
 B - 5 potions of cancellation
 C - 4 potions of ambrosia
 F - 6 potions of haste
 P - 5 potions of agility
Miscellaneous
 a - a lightning rod (4/4)
   (You found it on level 5 of the Pits of Slime)
 f - a phial of floods
   (You found it on level 3 of the Elven Halls)
 u - a fan of gales
   (You found it on level 2 of the Elven Halls)
 X - a crystal ball of energy
   (You found it in a Gauntlet)
 Y - a lamp of fire (inert)
   (You found it on level 3 of the Lair of Beasts)
 Z - 2 phantom mirrors
Comestibles
 d - 43 rations


   Skills:
 - Level 6.4 Fighting
 - Level 9.0 Short Blades
 - Level 5.2 Armour
 - Level 11.3 Dodging
 - Level 10.2 Stealth
 - Level 15.5 Shields
 - Level 13.4 Spellcasting
 - Level 10.0 Necromancy
 - Level 7.0 Translocations
 - Level 8.0 Transmutations
 + Level 26.2 Earth Magic
 - Level 21.3 Evocations


You had 22 spell levels left.
You knew the following spells:

 Your Spells              Type           Power        Failure   Level  Hunger
a - Sandblast             Erth           ######       0%          1    None
b - Passage of Golubria   Tloc           N/A          2%          4    None
c - Petrify               Tmut/Erth      #######.     1%          4    None
d - Borgnjor's Vile Clut  Necr/Erth      #######...   1%          5    None
g - Apportation           Tloc           ######       1%          1    None
w - Passwall              Tmut/Erth      #######.     0%          2    None
x - Stone Arrow           Conj/Erth      ######       1%          3    None
z - Lee's Rapid Deconstr  Erth           #######...   0%          5    None

Your spell library contained the following spells:

 Spells                   Type           Power        Failure   Level  Hunger
 Animate Skeleton         Necr           N/A          1%          1    None
 Pain                     Necr           ####         1%          1    None
 Corpse Rot               Necr           N/A          1%          2    None
 Shroud of Golubria       Chrm/Tloc      ####......   1%          2    None
 Gell's Gravitas          Tloc           ######....   1%          3    None
 Lesser Beckoning         Tloc           ######....   1%          3    None
 Vampiric Draining        Necr           ######....   1%          3    None
 Animate Dead             Necr           N/A          1%          4    None
 Leda's Liquefaction      Hex/Erth       ######....   1%          4    None
 Portal Projectile        Hex/Tloc       ####..       2%          3    None
 Recall                   Summ/Tloc      N/A          2%          3    None
 Iron Shot                Conj/Erth      ######....   2%          6    None
 Bolt of Magma            Conj/Fire/Erth ######....   3%          5    None
 Confusing Touch          Hex            ###...       4%          1    None
 Flame Tongue             Conj/Fire      ###..        4%          1    None
 Infusion                 Chrm           ###.         4%          1    None
 Magic Dart               Conj           ###.         4%          1    None
 Shock                    Conj/Air       ###.         4%          1    None
 Summon Small Mammal      Summ           ###.         4%          1    None
 Call Imp                 Summ           ###.....     6%          2    None
 Ensorcelled Hibernation  Hex/Ice        ###...       6%          2    None
 Poisonous Vapours        Pois/Air       ###...       6%          2    None
 Searing Ray              Conj           ###...       6%          2    None
 Song of Slaying          Chrm           ###.....     6%          2    None
 Swiftness                Chrm/Air       ###.....     6%          2    None
 Throw Flame              Conj/Fire      ###...       6%          2    None
 Force Lance              Conj/Tloc      ####....     10%         4    None
 Death Channel            Necr           ######....   10%         6    None
 Call Canine Familiar     Summ           ###.....     12%         3    None
 Confuse                  Hex            ###.....     12%         3    None
 Conjure Flame            Conj/Fire      ###.....     12%         3    None
 Dazzling Spray           Conj/Hex       ###...       12%         3    None
 Inner Flame              Hex/Fire       ###.....     12%         3    None
 Spectral Weapon          Hex/Chrm       ###.....     12%         3    None
 Static Discharge         Conj/Air       ###.....     12%         3    None
 Summon Guardian Golem    Hex/Summ       ###.....     12%         3    None
 Bolt of Draining         Conj/Necr      #####.....   14%         5    None
 Yara's Violent Unravell  Hex/Tmut       #####.....   22%         5    None
 Hydra Form               Tmut           ######....   22%         6    None
 Summon Forest            Summ/Tloc      ####......   26%         5    None
 Airstrike                Air            ###.......   36%         4    None
 Fulminant Prism          Conj/Hex       ###.......   36%         4    None
 Iskenderun's Mystic Bla  Conj           ###.....     36%         4    None
 Sticky Flame             Conj/Fire      ###.....     36%         4    None
 Summon Ice Beast         Ice/Summ       ###.....     36%         4    None
 Summon Lightning Spire   Summ/Air       ###.....     36%         4    None
 Simulacrum               Ice/Necr       #####.....   61%         6    None
 Aura of Abjuration       Summ           ###.......   73%         5    None
 Fireball                 Conj/Fire      ###.......   73%         5    None
 Iskenderun's Battlesphe  Conj/Chrm      ###.....     73%         5    None
 Lightning Bolt           Conj/Air       ###.......   73%         5    None
 Metabolic Englaciation   Hex/Ice        ###.......   73%         5    None
 Silence                  Hex/Air        ###.......   73%         5    None
 Summon Demon             Summ           ###.......   73%         5    None
 Summon Mana Viper        Hex/Summ       ###.....     73%         5    None
 Venom Bolt               Conj/Pois      ###.......   73%         5    None
 Lehudib's Crystal Spear  Conj/Erth      ######....   77%         8    None
 Conjure Ball Lightning   Conj/Air       ###.......   99%         6    None
 Deflect Missiles         Chrm/Air       ###.......   99%         6    None
 Poison Arrow             Conj/Pois      ###.......   99%         6    None
 Shadow Creatures         Summ           N/A          99%         6    None
 Haunt                    Necr/Summ      #####.....   99%         7    None
 Borgnjor's Revivificati  Necr           ######....   99%         8    None
 Infestation              Necr           ######....   99%         8    None
 Necromutation            Tmut/Necr      ######....   99%         8    None
 Orb of Destruction       Conj           ###.......   100%        7    None
 Spellforged Servitor     Conj/Summ      ###.......   100%        7    None
 Summon Hydra             Summ           ###.......   100%        7    None
 Chain Lightning          Conj/Air       ###.......   100%        8    None
 Death's Door             Chrm/Necr      #####.....   100%        8    None
 Discord                  Hex            ###.......   100%        8    None
 Fire Storm               Conj/Fire      ###.......   100%        9    None
 Glaciate                 Conj/Ice       ###.......   100%        9    None
 Tornado                  Air            ###.......   100%        9    None
 Regeneration             Chrm/Necr      Unusable     N/A         3    N/A

Dungeon Overview and Level Annotations

Branches:
Dungeon (14/15)            Temple (0/1) D:4            Lair (6/6) D:10
  Swamp (4/4) Lair:2        Snake (4/4) Lair:4        Slime (5/5) Lair:6
    Orc (2/2) D:11            Elf (3/3) Orc:2        Vaults (5/5) D:13
  Crypt: Vaults:2-3

Altars:
Ashenzari
Dithmenos
Elyvilon
Fedhas
Gozag
Hepliaklqana
Kikubaaqudgha
Makhleb
Ru
Sif Muna
Uskayaw
Wu Jian
Xom
Yredelemnul
Beogh
Jiyva

Shops:
D:4 *   D:5 !   D:14 *   Orc:2 *(*=   Elf:1 *   Vaults:4 =

Annotations:
D:3 3 runed translucent doors, Irenicus's ghost, amateur DDNe


Innate Abilities, Weirdness & Mutations

You are resistant to damage.
You can heal yourself by infusing magical energy.
You resist negative energy. (rN+)
You passively map a large area around you.
You do not regenerate.
You often lose your temper in combat.
Armour fits poorly on your strangely shaped body.
You are covered in fur. (AC +1)
Potions are less effective at restoring your health.


Message History

You take 24 damage, and have 147/178 hp.
You regained 3 mp, and now have 12/48 mp.
Nothing appears to happen.
The yaktaur captain drinks a potion.
The yaktaur captain flickers and vanishes!
Aim: an iron dragon (lightly wounded) Decaying hands burst forth from the earth!
Zombie hands grab the iron dragon.
The zombie hands constrict the iron dragon.
The iron dragon breathes metal splinters at you.
The spray of metal splinters misses you.
You hear two shouts!
You hear a shout! x3
You now have 9/48 mp.
The zombie hands constrict the iron dragon.
You block the iron dragon's attack.
The iron dragon claws you but does no damage.
You block the iron dragon's attack.
You hear a thunk.
A bolt appears from out of thin air!
You reflect the bolt off your +4 shield of reflection!
The bolt hits the iron dragon!!
The zombie hands constrict the iron dragon.
The iron dragon struggles to escape constriction.
You see here a fustibalus.
You channel some magical energy.
You feel slightly more hungry.
The zombie hands constrict the iron dragon.
You hear a thunk.
A bolt appears from out of thin air!
You reflect the bolt off your +4 shield of reflection!
The iron dragon struggles to escape constriction.
You regained 2 mp, and now have 12/48 mp.
Decaying hands burst forth from the earth!
The zombie hands constrict the iron dragon!
A vault warden comes into view. It is wielding a +0 war axe.
The deep elf high priest is engulfed in blazing flames.
The deep elf high priest mumbles some strange prayers.
You hear a thunk.
A bolt appears from out of thin air!
The bolt hits you!!!
You take 29 damage, and have 118/178 hp.
You now have 8/48 mp.
You channel some magical energy.
You feel slightly more hungry.
The zombie hands constrict the iron dragon!
The iron dragon breathes metal splinters at you.
The spray of metal splinters hits you!!
The deep elf high priest is engulfed in blazing flames.
The deep elf high priest invokes the aid of its god against you.
Something smites you!
An ettin comes into view. It is wielding two +0 dire flails.
You take 26 damage, and have 92/178 hp.
You regained 3 mp, and now have 11/48 mp.
You channel some magical energy.
You feel slightly more hungry.
The zombie hands constrict the iron dragon!
You hear a thunk.
A bolt appears from out of thin air!
The bolt hits you!!
The deep elf high priest is engulfed in blazing flames.
The iron dragon escapes!
You take 20 damage, and have 72/178 hp.
You regained 3 mp, and now have 14/48 mp.
Okay, then.
A heavily etched crystal wall.
Okay, then.
A heavily etched crystal wall.
Okay, then.
Decaying hands burst forth from the earth!
Zombie hands grab the deep elf high priest.
The zombie hands constrict the deep elf high priest, but do no damage.
The deep elf high priest struggles to escape constriction.
The ettin is engulfed in blazing flames.
You block the iron dragon's attack.
The iron dragon claws you but does no damage.
The iron dragon tramples you.
You hold your ground!
You now have 9/48 mp.
The zombie hands constrict the deep elf high priest.
You hear a thunk.
A bolt appears from out of thin air!
The bolt hits you.
The ettin is engulfed in blazing flames.
The deep elf high priest escapes!
You see here a bolt.
You take 2 damage, and have 70/178 hp.
The vault warden hits you with a +0 war axe.
The ettin is engulfed in blazing flames.
You see here a dagger.
You take 4 damage, and have 66/178 hp.
The vault warden hits you with a +0 war axe!!
* * * LOW HITPOINT WARNING * * *
The deep elf high priest says, "You will make a fine sacrifice."
The ettin is engulfed in blazing flames.
You take 26 damage, and have 40/178 hp.
The iron dragon breathes metal splinters at you.
The spray of metal splinters hits you!!
* * * LOW HITPOINT WARNING * * *
You hear a shout!
You take 19 damage, and have 21/178 hp.
A heavily etched crystal wall.
The crystal wall shatters!
The blast of crystal shards hits the vault warden!!!
You hear a shout!
You hear an angry growl.
The deep elf high priest mumbles some strange prayers to its god.
The corpse begins to drag itself along the ground!
The vault warden hits you with a +0 war axe!!
You die...

* , ,* ** #########.#.#.. *,
, * ............... * ,, ,,
####....####.# * ,,
,###....)###..... * ,
,*#......##......# ,** ,
#.......#.......# ,* ,
,##...[..##.......# * * ,,
#......x#........# * ,
#@....^.#........# * ,
##p.}#####...####.# , ,, ,
,#)D### #(.###, .# , ,, ##(##
##=##......# ,# ,###.e#
###.?#.......#
#.####)C.#####![.##..Qp...# ,
#...)..((#.......#.......#
,,#...()|..#.......#)......#*
#.......##......##.......#*


You could see an iron dragon, a vault warden, an ettin, a deep elf high priest
and a crawling corpse.

Vanquished Creatures
  the Royal Jelly (Slime:5)
  An ancient lich (Vaults:5)
  A golden dragon (Vaults:5)
  A tentacled monstrosity (Vaults:5)
  Jorgrun (Elf:2)
  An Ice Fiend (IceCv)
  2 liches
  Asterion (Elf:2)
  5 deep elf blademasters
  A sphinx (Vaults:5)
  16 acid blobs
  3 thorn hunters
  Kirke (Swamp:2)
  Frances (Elf:1)
  2 shadow dragons (Vaults:5)
  Donald (Orc:2)
  2 storm dragons (Vaults:5)
  9 azure jellies
  2 tengu reavers
  12 nagarajas
  A fire giant (Vaults:5)
  9 deep elf sorcerers
  2 frost giants (Vaults:4)
  5 vault wardens
  8 ironheart preservers
  An iron dragon (Vaults:5)
  3 deep elf elementalists (Elf:3)
  2 very ugly things (Vaults:5)
  5 stone giants
  12 deep elf demonologists
  A minotaur (Gauntlet)
  5 deep elf annihilators
  Nessos (Lair:5)
  Azrael (D:14)
  2 ettins
  A green death (Abyss:2)
  2 fire dragons
  10 deep elf death magi
  8 death oozes
  4 great orbs of eyes
  28 vault guards
  An ice dragon (Vaults:1)
  5 deep elf high priests
  9 naga warriors
  2 yaktaur captains (Vaults:5)
  3 shambling mangroves
  A death knight (Vaults:1)
  A merfolk avatar (Swamp:1)
  20 hydras
  20 anacondas
  2 centaur warriors
  28 dancing weapons
  7 ogre magi
  6 alligators
  3 death yaks (Lair:6)
  24 two-headed ogres
  An orc high priest (Orc:2)
  16 naga sharpshooters
  4 shock serpents (Snake:4)
  Sonja (D:12)
  A thrashing horror (Abyss:3)
  Nergalle (D:10)
  29 deep elf knights
  4 small abominations
  A hell knight (Vaults:5)
  7 sea snakes (Snake:4)
  4 glowing orange brains
  A spriggan druid (Swamp:3)
  A flayed ghost (Vaults:1)
  12 naga ritualists
  A salamander mystic (Snake:2)
  4 deep trolls
  A wizard (Abyss:2)
  4 unseen horrors
  An ironbrand convoker (Vaults:4)
  A shadow demon (Abyss:2)
  A necromancer (Vaults:4)
  2 phantasmal warriors (Vaults:1)
  A harpy (shapeshifter) (Vaults:5)
  12 deep elf archers
  2 lindwurms (Lair:6)
  63 deep elf magi
  8 swamp dragons
  5 orc knights
  Pikel (D:9)
  4 harpies (Vaults:4)
  A shadow dragon zombie (Vaults:4)
  18 mana vipers
  4 oklob plants (Lair:5)
  A tengu zombie (Vaults:4)
  35 ugly things
  4 orc sorcerers
  3 manticores
  2 wolf spiders
  12 shining eyes
  Maurice (D:8)
  A worldbinder (Abyss:2)
  A cyclops (D:12)
  10 elephants
  A human skeleton (Vaults:4)
  8 salamanders
  44 black mambas
  An orange demon (Abyss:2)
  18 naga magi
  3 eyes of devastation
  10 guardian serpents
  An ice statue (IceCv)
  A centaur zombie (D:12)
  3 vault sentinels (Vaults:5)
  20 spiny frogs
  A torpor snail (Lair:2)
  A gargoyle (D:13)
  2 rime drakes
  4 komodo dragons
  3 yaktaurs (Vaults:4)
  4 freezing wraiths
  An efreet (Abyss:2)
  8 ice devils (IceCv)
  15 trolls
  An ancient zyme (Abyss:2)
  4 anaconda simulacra (IceCv)
  A queen bee (shapeshifter) (Gauntlet)
  A troll (shapeshifter) (Vaults:5)
  4 polar bears
  7 bog bodies
  9 hornets
  25 blink frogs
  16 dream sheep
  9 tyrant leeches
  9 raiju
  8 hippogriffs
  A raiju (shapeshifter) (D:12)
  83 slime creatures
  12 spriggans
  3 water elementals
  3 wraiths
  3 ynoxinuls (Abyss:2)
  2 air elementals
  32 yaks
  A vampire (D:12)
  A spriggan (shapeshifter) (Orc:2)
  3 dire elephant simulacra (IceCv)
  4 wyverns
  3 shadows
  7 fire elementals
  2 large abominations (Abyss:2)
  4 golden eyes (Slime:2)
  A basilisk (shapeshifter) (Gauntlet)
  13 vampire mosquitoes
  An elf zombie (Vaults:4)
  3 basilisks
  A hog (Swamp:2)
  An elf skeleton (Vaults:4)
  3 harpy simulacra (IceCv)
  57 nagas
  2 wargs
  9 insubstantial wisps (Swamp:2)
  3 hell hounds (D:14)
  2 iron troll simulacra (IceCv)
  10 swamp worms
  An acid dragon (D:13)
  11 porcupines
  6 water moccasins
  4 hydra simulacra (IceCv)
  20 swamp drakes
  3 black bears
  30 orc warriors
  4 sky beasts
  4 ice beasts
  4 boggarts (Lair:5)
  7 eyes of draining
  A necrophage (D:9)
  2 ettin simulacra (IceCv)
  17 wolves
  43 ogres
  6 centaurs
  2 phantoms
  9 crocodiles
  26 bullfrogs
  5 big kobolds
  A gnoll sergeant (D:13)
  A wyvern zombie (D:8)
  4 earth elementals
  A wyvern skeleton (D:7)
  8 scorpions
  An elephant simulacrum (IceCv)
  6 wights
  9 electric eels
  7 howler monkeys
  4 crimson imps
  A human simulacrum (Vaults:1)
  3 bullfrog zombies
  3 draconian simulacra (IceCv)
  2 quasits (D:6)
  4 hounds
  A hound (shapeshifter) (Vaults:4)
  5 jellies
  17 orc wizards
  17 orc priests
  2 bullfrog skeletons
  4 centaur skeletons
  2 gnoll shamans
  3 iguanas
  6 hell rats
  7 worker ants
  2 troll simulacra (IceCv)
  A wolf simulacrum (IceCv)
  2 big kobold zombies (Ossuary)
  A hound zombie (D:4)
  2 hound skeletons
  8 mummies (Ossuary)
  2 worker ant zombies
  19 adders
  21 gnolls
  3 naga simulacra (IceCv)
  13 river rats
  An ogre simulacrum (IceCv)
  4 shadow imps
  15 white imps
  3 ufetubi (IceCv)
  An ooze (D:7)
  2 adder skeletons
  2 adder zombies (D:5)
  2 worms
  A dart slug (D:4)
  7 leopard geckos
  89 orcs
  4 ball pythons
  8 giant cockroaches
  3 gnoll zombies (Ossuary)
  7 hobgoblins
  16 jackals
  23 kobolds
  6 quokkas
  10 bats
  7 frilled lizards
  4 goblins
  A hobgoblin zombie (Ossuary)
  A kobold zombie (Ossuary)
  An orc zombie (Ossuary)
  A quokka skeleton (D:7)
  24 rats
  3 briar patches (Swamp:4)
  9 crawling corpses
  5 demonic plants (Gauntlet)
  5 fungi (Swamp:2)
  6 plants
1776 creatures vanquished.

Vanquished Creatures (collateral kills)
  Rupert (D:14)
  4 acid blobs
  2 azure jellies
  5 slime creatures
  2 insubstantial wisps (Swamp:2)
14 creatures vanquished.

Vanquished Creatures (others)
  2 deep elf master archers (Elf:3)
  A vault warden (Vaults:5)
  A centaur warrior (Vaults:1)
  A naga sharpshooter (Snake:4)
  A deep elf knight (Elf:1)
  A spriggan druid (Swamp:4)
  2 deep elf archers (Elf:2)
  A deep elf mage (Elf:3)
  A cyclops (Orc:2)
  A salamander (Snake:2)
  A black mamba (Snake:4)
  A vault sentinel (Vaults:4)
  2 yaktaurs (Vaults:4)
  A blink frog (Swamp:3)
  A hippogriff (D:9)
  A spriggan (D:11)
  6 humans
  3 centaurs
  2 wights (D:9)
  A hound (D:9)
  An adder (D:12)
  An orc (Orc:1)
  3 briar patches
  2 bushes
  A crawling corpse (Elf:3)
  10 demonic plants (Gauntlet)
  9 fungi (Lair:6)
  40 plants
98 creatures vanquished.

Grand Total: 1888 creatures vanquished

Notes
Turn   | Place    | Note
-------+----------+-------------------------------------------
     0 | D:1      | Irenicus the Deep Dwarf Earth Elementalist began the quest
                  | for the Orb.
     0 | D:1      | Reached XP level 1. HP: 15/15 MP: 3/3
   169 | D:1      | Reached XP level 2. HP: 22/22 MP: 0/4
   203 | D:1      | Reached skill level 5 in Earth Magic
   212 | D:1      | Learned a level 2 spell: Passwall
   411 | D:2      | Reached XP level 3. HP: 26/28 MP: 1/5
   486 | D:2      | Reached skill level 6 in Earth Magic
   498 | D:2      | Found a shimmering altar of Xom.
   658 | D:2      | Found a white marble altar of Elyvilon.
   659 | D:2      | Found an ornate altar of the Wu Jian Council.
   659 | D:2      | Found a hazy altar of Hepliaklqana.
   660 | D:2      | Found an opulent altar of Gozag.
   661 | D:2      | Found a burning altar of Makhleb.
   669 | D:2      | Became a worshipper of Makhleb the Destroyer
   762 | D:2      | Reached XP level 4. HP: 22/36 MP: 4/6
   845 | D:2      | Found a hide-covered altar of Uskayaw.
   941 | D:3      | Found a faded altar of an unknown god.
   990 | D:3      | Reached skill level 7 in Earth Magic
   994 | D:3      | Found a runed translucent gate.
   994 | D:3      | Found a runed translucent gate.
   994 | D:3      | Found a runed translucent gate.
   994 | D:3      | Noticed Irenicus's ghost (amateur DDNe)
  1101 | D:3      | Reached XP level 5. HP: 13/42 MP: 5/7
  1166 | D:3      | HP: 9/42 [adder (2)]
  1172 | D:3      | Reached * piety under Makhleb
  1172 | D:3      | Reached skill level 8 in Earth Magic
  1350 | D:3      | Found an ancient bone altar of Kikubaaqudgha.
  1350 | D:3      | Noticed a human
  1354 | D:3      | Killed a human
  1391 | D:4      | HP: 1/42 [orc wizard/puff of frost (5)]
  1394 | D:4      | Reached skill level 1 in Short Blades
  1403 | D:4      | Reached skill level 2 in Short Blades
  1439 | D:4      | Noticed an ogre
  1443 | D:4      | Killed an ogre
  1443 | D:4      | Reached skill level 2 in Spellcasting
  1443 | D:4      | Reached XP level 6. HP: 31/49 MP: 2/9
  1480 | D:4      | Found Fauzu's Assorted Antiques.
  1491 | D:4      | Bought a scratched glass ring for 80 gold pieces
  1592 | D:4      | Found a deep blue altar of Sif Muna.
  1597 | D:4      | You fall through a shaft for 3 floors!
  1605 | D:7      | Reached skill level 3 in Spellcasting
  1652 | D:7      | Reached skill level 4 in Spellcasting
  1652 | D:7      | Reached XP level 7. HP: 43/55 MP: 2/13
  1718 | D:7      | Reached skill level 9 in Earth Magic
  1756 | D:6      | Learned a level 3 spell: Stone Arrow
  1777 | D:6      | Noticed a troll
  1777 | D:6      | Noticed a wyvern
  1777 | D:6      | Noticed a troll
  1816 | D:6      | Reached ** piety under Makhleb
  1832 | D:6      | HP: 12/55 [electric eel/bolt of electricity (12)]
  1863 | D:6      | Found a sand-covered staircase.
  1873 | Ossuary  | Entered an ossuary
  1884 | Ossuary  | Learned a level 5 spell: Lee's Rapid Deconstruction
  1950 | Ossuary  | HP: 6/55 [mummy (14)]
  2056 | Ossuary  | HP: 9/55 [mummy (8)]
  2094 | Ossuary  | HP: 8/55 [mummy (17)]
  2098 | Ossuary  | Reached skill level 3 in Short Blades
  2254 | D:6      | Reached XP level 8. HP: 30/62 MP: 3/14
  2259 | D:6      | Reached skill level 4 in Short Blades
  2328 | D:6      | Reached skill level 1 in Evocations
  2334 | D:6      | Reached skill level 3 in Evocations
  2381 | D:5      | Entered Level 5 of the Dungeon
  2389 | D:5      | Reached skill level 4 in Evocations
  2466 | D:4      | Bought 2 silvery potions for 28 gold pieces
  2466 | D:4      | Bought a potion of curing for 48 gold pieces
  2466 | D:4      | Bought a potion of heal wounds for 80 gold pieces
  2466 | D:4      | Bought a scroll labeled YDIESO WICVUO for 16 gold pieces
  2466 | D:4      | Bought a scroll labeled TEABEI QAWN for 16 gold pieces
  2466 | D:4      | Bought a scroll of teleportation for 48 gold pieces
  2466 | D:4      | Bought a scroll labeled TEABEI QAWN for 16 gold pieces
  2496 | D:4      | Reached *** piety under Makhleb
  2674 | D:4      | Reached skill level 5 in Short Blades
  2726 | D:4      | Found a staircase to the Ecumenical Temple.
  2732 | D:4      | Reached skill level 3 in Stealth
  2795 | D:4      | Got a polished dagger
  2796 | D:4      | Identified the +9 dagger of Integrity {drain, rPois MR-
                  | MP-9 Int+2 Dex+10} (You found it on level 4 of the Dungeon)
  2848 | D:5      | Found a shattered altar of Ashenzari.
  2856 | D:5      | Reached skill level 4 in Stealth
  2940 | D:5      | Reached skill level 5 in Stealth
  2966 | D:5      | Reached skill level 6 in Stealth
  3098 | D:5      | Found Luodghaa's Distillery.
  3180 | D:6      | Reached skill level 10 in Earth Magic
  3197 | D:6      | Gained mutation: You passively map the area around you.
                  | [Deep Dwarf growth]
  3197 | D:6      | Reached XP level 9. HP: 47/68 MP: 3/15
  3266 | D:6      | Learned a level 4 spell: Petrify
  3316 | D:6      | Reached skill level 1 in Transmutations
  3381 | D:6      | Reached skill level 2 in Transmutations
  3381 | D:6      | Reached skill level 11 in Earth Magic
  3390 | D:6      | Reached skill level 5 in Evocations
  3395 | D:6      | Killed a troll
  3395 | D:6      | Reached **** piety under Makhleb
  3395 | D:6      | Reached skill level 6 in Evocations
  3457 | D:6      | Reached skill level 7 in Evocations
  3515 | D:6      | Killed a troll
  3515 | D:6      | Reached skill level 8 in Evocations
  3570 | D:6      | Reached skill level 9 in Evocations
  3805 | D:7      | Found a shadowy altar of Dithmenos.
  3925 | D:7      | Reached XP level 10. HP: 52/75 MP: 4/16
  4028 | D:7      | Reached skill level 12 in Earth Magic
  4206 | D:7      | Killed an unseen horror
  4206 | D:7      | Reached skill level 3 in Shields
  4387 | D:8      | Reached skill level 4 in Shields
  4625 | D:8      | Found a shattered altar of Ashenzari.
  4670 | D:8      | Reached ***** piety under Makhleb
  4771 | D:8      | Noticed Maurice
  4775 | D:8      | Killed Maurice
  4775 | D:8      | Reached skill level 13 in Earth Magic
  4893 | D:9      | Noticed Pikel
  4920 | D:9      | Killed Pikel
  4920 | D:9      | Reached skill level 14 in Earth Magic
  5132 | D:9      | Found a sacrificial altar of Ru.
  5339 | D:9      | Noticed a two-headed ogre
  5368 | D:9      | Killed a two-headed ogre
  5368 | D:9      | Reached skill level 10 in Evocations
  5368 | D:9      | Reached XP level 11. HP: 64/81 MP: 2/18
  5473 | D:10     | Entered Level 10 of the Dungeon
  5559 | D:10     | Reached skill level 3 in Transmutations
  5571 | D:10     | Found a runed translucent door.
  5573 | D:10     | Killed an unseen horror
  5578 | D:10     | Found a basalt altar of Yredelemnul.
  5633 | D:10     | Reached skill level 4 in Transmutations
  5689 | D:10     | Found a staircase to the Lair.
  5689 | D:10     | Noticed a fire dragon
  5699 | D:10     | Killed a fire dragon
  5699 | D:10     | Reached skill level 5 in Transmutations
  5727 | D:10     | Noticed Nergalle
  5747 | D:10     | Killed Nergalle
  5747 | D:10     | Reached skill level 6 in Transmutations
  5805 | D:10     | Found a roughly hewn altar of Beogh.
  5998 | Lair:1   | Entered Level 1 of the Lair of Beasts
  6035 | Lair:1   | Reached skill level 7 in Transmutations
  6129 | Lair:1   | HP: 16/81 [river rat (5)]
  6213 | Lair:1   | HP: 19/81 [black mamba (3)]
  6219 | Lair:1   | Reached skill level 8 in Transmutations
  6659 | Lair:2   | Reached skill level 5 in Spellcasting
  6723 | Lair:2   | Reached ****** piety under Makhleb
  6778 | Lair:2   | Reached skill level 6 in Spellcasting
  6788 | Lair:2   | Reached XP level 12. HP: 64/88 MP: 1/21
  6984 | Lair:2   | Noticed a seven-headed hydra
  6990 | Lair:2   | Killed a seven-headed hydra
  7125 | Lair:2   | Found a staircase to the Swamp.
  7170 | Lair:2   | Reached skill level 7 in Spellcasting
  7472 | Lair:3   | Reached skill level 8 in Spellcasting
  7488 | Lair:3   | Noticed a seven-headed hydra
  7505 | Lair:3   | Killed a seven-headed hydra
  7628 | Lair:3   | Reached skill level 9 in Spellcasting
  7864 | Lair:4   | Noticed a five-headed hydra
  7876 | Lair:4   | Killed a five-headed hydra
  7970 | Lair:4   | Reached skill level 10 in Spellcasting
  7996 | Lair:4   | Reached skill level 15 in Earth Magic
  8041 | Lair:4   | Learned a level 5 spell: Borgnjor's Vile Clutch
  8122 | Lair:4   | Noticed an eight-headed hydra
  8139 | Lair:4   | Reached skill level 1 in Necromancy
  8167 | Lair:4   | Killed an eight-headed hydra
  8167 | Lair:4   | Reached skill level 2 in Necromancy
  8177 | Lair:4   | Reached XP level 13. HP: 94/94 MP: 0/27
  8202 | Lair:4   | Found a staircase to the Snake Pit.
  8335 | Lair:4   | Reached skill level 3 in Necromancy
  8688 | Lair:5   | Reached skill level 4 in Necromancy
  8750 | Lair:5   | Noticed Nessos
  8760 | Lair:5   | Killed Nessos
  8760 | Lair:5   | Reached skill level 11 in Evocations
  9038 | Lair:5   | Reached skill level 5 in Necromancy
  9055 | Lair:5   | Got a crude cloak
  9066 | Lair:5   | Identified the +2 cloak of the Vacuum {+Fly Int+2} (You
                  | found it on level 5 of the Lair of Beasts)
  9078 | Lair:5   | Got a crystal whip
  9079 | Lair:5   | Identified the +7 whip of Hacking and Slashing {slash,
                  | Str+3} (You found it on level 5 of the Lair of Beasts)
  9138 | Lair:6   | Entered Level 6 of the Lair of Beasts
  9166 | Lair:6   | Reached skill level 6 in Necromancy
  9193 | Lair:6   | Reached skill level 12 in Evocations
  9248 | Lair:6   | Reached skill level 7 in Necromancy
  9366 | Lair:6   | Reached skill level 13 in Evocations
  9378 | Lair:6   | Reached skill level 8 in Necromancy
  9493 | Lair:6   | Reached skill level 9 in Necromancy
  9602 | Lair:6   | Gained mutation: You resist negative energy. (rN+) [Deep
                  | Dwarf growth]
  9602 | Lair:6   | Reached XP level 14. HP: 98/102 MP: 13/28
  9606 | Lair:6   | Reached skill level 10 in Necromancy
  9649 | Lair:6   | Found a viscous altar of Jiyva.
  9649 | Lair:6   | Found a staircase to the Slime Pits.
  9721 | Lair:6   | Reached skill level 1 in Fighting
  9743 | Lair:6   | Reached skill level 3 in Dodging
  9860 | Lair:6   | Reached skill level 2 in Fighting
  9871 | Lair:6   | Reached skill level 4 in Dodging
  9914 | Lair:6   | Reached skill level 5 in Dodging
  9937 | Lair:6   | Reached skill level 6 in Dodging
 10059 | Lair:6   | Got distressingly furry fire dragon scales
 10167 | Snake:1  | Entered Level 1 of the Snake Pit
 10178 | Snake:1  | Reached skill level 7 in Dodging
 10187 | Snake:1  | Reached skill level 8 in Dodging
 10242 | Snake:1  | HP: 25/108 [naga sharpshooter/bolt (16)]
 10297 | Snake:1  | Reached skill level 9 in Dodging
 10302 | Snake:1  | HP: 23/108 [naga sharpshooter/bolt (14)]
 10558 | D:11     | Got a crude ring mail
 10564 | D:11     | Found a staircase to the Orcish Mines.
 10604 | D:11     | Found a gate leading to a gauntlet.
 10621 | Gauntlet | Entered a Gauntlet
 10621 | Gauntlet | Found a transporter.
 10621 | Gauntlet | Found a transporter.
 10621 | Gauntlet | Found a transporter.
 10621 | Gauntlet | Found a runed translucent gate.
 10623 | Gauntlet | Found a transporter.
 10623 | Gauntlet | Found a transporter.
 10624 | Gauntlet | Found a runed translucent gate.
 10625 | Gauntlet | Found a runed translucent gate.
 10626 | Gauntlet | Found a transporter.
 10633 | Gauntlet | Found a transporter.
 10635 | Gauntlet | Found a transporter.
 10635 | Gauntlet | Found a transporter.
 10637 | Gauntlet | Found a transporter.
 10645 | Gauntlet | Found a transporter.
 10646 | Gauntlet | Found a transporter.
 10826 | Gauntlet | Reached skill level 10 in Dodging
 10837 | Gauntlet | Got a pair of twisted boots
 10843 | Gauntlet | Identified the +2 pair of boots of the Skies Above {rPois
                  | Str+4} (You found it in a Gauntlet)
 10917 | Gauntlet | Identified the cursed +0 fire dragon scales of the Imp
                  | {rPois rF++ rC- MR+} (You found it on level 6 of the Lair
                  | of Beasts)
 10928 | Gauntlet | Identified the +3 ring mail of Minebrum {*Slow Int+5 Dex+2
                  | Slay+4} (You found it on level 11 of the Dungeon)
 10946 | Gauntlet | Identified the Catalogue of Execration
 10950 | Gauntlet | Got a dull robe
 10967 | Gauntlet | Identified the cursed +1 robe of Urucwig {*Drain rN++
                  | Stlth+} (You found it in a Gauntlet)
 11098 | D:11     | Reached skill level 11 in Dodging
 11392 | Orc:1    | Entered Level 1 of the Orcish Mines
 11400 | Orc:1    | Reached skill level 5 in Shields
 11454 | Orc:1    | Reached skill level 6 in Shields
 11559 | Orc:1    | Reached XP level 15. HP: 114/114 MP: 1/29
 11722 | Orc:2    | Entered Level 2 of the Orcish Mines
 11730 | Orc:2    | Reached skill level 7 in Shields
 11773 | Orc:2    | Noticed Donald
 11781 | Orc:2    | Killed Donald
 11785 | Orc:1    | Reached skill level 8 in Shields
 11899 | Orc:2    | Reached skill level 9 in Shields
 11975 | Orc:2    | Found Jaufucs's Assorted Antiques.
 12135 | Orc:2    | Reached skill level 10 in Shields
 12292 | Orc:2    | Found a staircase to the Elven Halls.
 12299 | Orc:2    | Found Erojef's Antique Weapon Shoppe.
 12315 | Orc:2    | Found Wufed's Jewellery Emporium.
 12317 | Orc:2    | Found Hakkufeph's General Store.
 12388 | Orc:2    | Bought a potion of curing for 39 gold pieces
 12388 | Orc:2    | Bought 18 stones for 23 gold pieces
 12388 | Orc:2    | Bought a wand of iceblast (6) for 130 gold pieces
 12394 | Orc:2    | Bought a runed helmet for 225 gold pieces
 12435 | Elf:1    | Entered Level 1 of the Elven Halls
 12435 | Elf:1    | Noticed a deep elf sorcerer
 12438 | Elf:1    | Reached skill level 11 in Shields
 12438 | Elf:1    | Killed a deep elf sorcerer
 12523 | Elf:1    | Reached skill level 12 in Shields
 12670 | Elf:1    | Noticed Frances
 12675 | Elf:1    | Reached skill level 13 in Shields
 12685 | Elf:1    | Killed Frances
 12750 | Elf:1    | Found Henlau's Assorted Antiques.
 12762 | Elf:1    | Bought a sparkling sapphire amulet for 150 gold pieces
 12762 | Elf:1    | Bought 2 potions of curing for 180 gold pieces
 12762 | Elf:1    | Bought a potion of ambrosia for 240 gold pieces
 12762 | Elf:1    | Bought a dented pearl amulet for 150 gold pieces
 12762 | Elf:1    | Identified the amulet "Wuen" {RegenMP Stlth+} (You bought
                  | it in a shop on level 1 of the Elven Halls)
 12840 | Elf:1    | Got a transparent scimitar
 12853 | Elf:1    | Identified the +6 scimitar of War {freeze, -Tele Dex+7}
                  | (You found it on level 1 of the Elven Halls)
 13017 | Elf:2    | Reached XP level 16. HP: 109/121 MP: 18/30
 13017 | Elf:2    | Reached skill level 14 in Shields
 13124 | Elf:2    | Reached skill level 15 in Shields
 13328 | Elf:2    | Got a faintly glowing chain mail
 13401 | Elf:2    | Reached skill level 3 in Fighting
 13420 | Elf:2    | Noticed a deep elf blademaster
 13422 | Elf:2    | Found a huge runed translucent gate.
 13427 | Elf:2    | Noticed Jorgrun
 13429 | Elf:2    | Killed a deep elf blademaster
 13429 | Elf:2    | Reached skill level 4 in Fighting
 13444 | Elf:2    | Killed Jorgrun
 13444 | Elf:2    | Reached skill level 5 in Fighting
 13470 | Elf:2    | Found a huge runed translucent gate.
 13518 | Elf:2    | Noticed Asterion
 13529 | Elf:2    | Killed Asterion
 13529 | Elf:2    | Reached skill level 6 in Fighting
 13585 | Elf:2    | Found a huge runed translucent gate.
 13586 | Elf:2    | Found a huge runed translucent gate.
 13587 | Elf:2    | Found a huge runed translucent gate.
 13631 | Elf:2    | Reached skill level 16 in Earth Magic
 13808 | Elf:3    | Entered Level 3 of the Elven Halls
 14020 | Elf:3    | Found a huge runed gate.
 14020 | Elf:3    | Found a huge runed gate.
 14029 | Elf:3    | Found a huge runed gate.
 14029 | Elf:3    | Found a huge runed gate.
 14029 | Elf:3    | Found a huge runed gate.
 14030 | Elf:3    | Found a huge runed gate.
 14030 | Elf:3    | Found a huge runed gate.
 14030 | Elf:3    | Found a huge runed gate.
 14031 | Elf:3    | Found a huge runed gate.
 14046 | Elf:3    | Found a huge runed gate.
 14047 | Elf:3    | Found a huge runed gate.
 14048 | Elf:3    | Found a huge runed gate.
 14049 | Elf:3    | Found a huge runed gate.
 14050 | Elf:3    | Found a huge runed gate.
 14052 | Elf:3    | Found a huge runed gate.
 14091 | Elf:3    | Reached skill level 17 in Earth Magic
 14166 | Elf:3    | Noticed a deep elf blademaster
 14166 | Elf:3    | Noticed a deep elf blademaster
 14167 | Elf:3    | Reached XP level 17. HP: 138/141 MP: 26/31
 14170 | Elf:3    | Killed a deep elf blademaster
 14173 | Elf:3    | Killed a deep elf blademaster
 14182 | Elf:3    | Reached skill level 18 in Earth Magic
 14186 | Elf:3    | Noticed a deep elf master archer
 14191 | Elf:3    | Killed a deep elf master archer
 14198 | Elf:3    | Noticed a deep elf master archer
 14199 | Elf:3    | Reached skill level 19 in Earth Magic
 14205 | Elf:3    | Noticed an Ice Fiend
 14209 | Elf:3    | Killed a deep elf master archer
 14213 | Elf:3    | Reached skill level 20 in Earth Magic
 14284 | Elf:3    | Found the +8 arc blade {discharge, rElec}
 14354 | Elf:3    | Identified the Guide on Confrontation and the Compass
 14365 | Elf:3    | Got a crude bone amulet
 14367 | Elf:3    | Identified the amulet of Internal Strife {Acrobat Str+2
                  | Dex+4 Slay+2} (You found it on level 3 of the Elven Halls)
 14387 | Elf:3    | Got an encrusted chain mail
 14392 | Elf:3    | Learned a level 1 spell: Apportation
 14411 | Elf:3    | Identified the +0 chain mail of the Illusory Coins
                  | {*Corrode Int+8 Dex-3} (You found it on level 3 of the
                  | Elven Halls)
 14423 | Elf:3    | Identified the cursed +0 chain mail of Qerchapo {rF+} (You
                  | found it on level 2 of the Elven Halls)
 14469 | Elf:3    | Irenicus: ?? death door
 14469 | Elf:3    | beem: death door ~ death's door[1/2]: Level 8
                  | Necromancy/Charms spell, found in the Necronomicon. Renders
                  | the caster invulnerable, but reduces you to power/10 + kiku
                  | piety/15 health (up to 20+13). Cannot be recast until 1d3
                  | turns after expiry. You get an end warning. Healing effects
                  | other than Revivification (which will confuse+paralyse
                  | you+end ddoor if cast but work!) do not work. Duration is
                  | ~16-25
 14469 | Elf:3    | beem: turns.
 14640 | Elf:3    | Found a huge runed gate.
 14641 | Elf:3    | Found a huge runed gate.
 14641 | Elf:3    | Found a huge runed gate.
 14642 | Elf:3    | Found a huge runed gate.
 14651 | Elf:3    | Noticed a deep elf blademaster
 14651 | Elf:3    | Noticed a deep elf blademaster
 14653 | Elf:3    | Reached skill level 1 in Translocations
 14654 | Elf:3    | Noticed an Ice Fiend
 14655 | Elf:3    | Reached skill level 2 in Translocations
 14656 | Elf:3    | Reached skill level 3 in Translocations
 14661 | Elf:3    | Killed a deep elf blademaster
 14661 | Elf:3    | Killed a deep elf blademaster
 14661 | Elf:3    | Reached skill level 4 in Translocations
 14665 | Elf:3    | Killed a ghostly deep elf blademaster
 14665 | Elf:3    | Reached skill level 5 in Translocations
 14675 | Elf:3    | Reached skill level 6 in Translocations
 14853 | Elf:3    | Reached skill level 7 in Translocations
 14853 | Elf:3    | Cast into level 2 of the Abyss (a deep elf demonologist)
 14865 | Abyss:2  | Found a corrupted altar of Lugonu.
 14954 | Abyss:2  | Found a corrupted altar of Lugonu.
 15085 | Abyss:2  | Noticed a hellephant
 15087 | Abyss:2  | Found a corrupted altar of Lugonu.
 15172 | Abyss:2  | Gained mutation: You passively map a large area around you.
                  | [Deep Dwarf growth]
 15172 | Abyss:2  | Reached XP level 18. HP: 150/150 MP: 29/32
 15210 | Abyss:2  | Noticed a bone dragon
 15290 | Elf:3    | Escaped the Abyss
 15295 | Elf:3    | Reached skill level 14 in Evocations
 15674 | Snake:1  | Found a blossoming altar of Fedhas.
 16046 | Snake:2  | Reached skill level 15 in Evocations
 16419 | Snake:2  | Reached skill level 16 in Evocations
 16504 | Snake:2  | Identified the +1 ring mail of Negation {rF+} (You found it
                  | on level 2 of the Snake Pit)
 16598 | Snake:2  | Reached skill level 17 in Evocations
 16773 | Snake:4  | Entered Level 4 of the Snake Pit
 16835 | Snake:4  | Reached skill level 18 in Evocations
 16858 | Snake:4  | Reached skill level 19 in Evocations
 16893 | Snake:4  | Reached XP level 19. HP: 139/156 MP: 4/33
 16932 | Snake:4  | Reached skill level 20 in Evocations
 16996 | Snake:4  | Got a serpentine rune of Zot
 17220 | Snake:4  | Reached skill level 1 in Armour
 17289 | Snake:4  | Reached skill level 2 in Armour
 17388 | Snake:4  | Reached skill level 3 in Armour
 17388 | Snake:4  | Reached skill level 21 in Evocations
 17609 | Swamp:1  | Entered Level 1 of the Swamp
 17740 | Swamp:1  | Identified the +5 great sword "Earthworm" {antimagic,
                  | Fragile rElec Dex+5} (You found it on level 1 of the Swamp)
 17745 | Swamp:1  | Identified the +10 glaive of Governance {drain, rElec rC-
                  | Int+2 Stlth+} (You found it on level 1 of the Swamp)
 17766 | Swamp:2  | Noticed Kirke
 17773 | Swamp:2  | Killed Kirke
 17773 | Swamp:2  | Reached skill level 4 in Armour
 17804 | Swamp:2  | Reached skill level 5 in Armour
 18115 | Swamp:3  | Found a frozen archway.
 18123 | IceCv    | Entered an ice cave
 18491 | Swamp:4  | Entered Level 4 of the Swamp
 18533 | Swamp:4  | Reached skill level 11 in Spellcasting
 18669 | Swamp:4  | Got a decaying rune of Zot
 18684 | Swamp:4  | Reached XP level 20. HP: 147/164 MP: 1/35
 18751 | Swamp:4  | Reached skill level 12 in Spellcasting
 19039 | Slime:1  | Entered Level 1 of the Pits of Slime
 19116 | Slime:2  | Gained mutation: You tend to lose your temper in combat. [a
                  | shining eye]
 19117 | Slime:2  | Gained mutation: You are covered in fur. (AC +1) [a shining
                  | eye]
 19126 | Slime:2  | Irenicus: ?? fan
 19126 | Slime:2  | beem: fan of gales[1/1]: The air {elemental evoker}: causes
                  | a burst of wind which throws back nearby monsters and
                  | clouds. Before 0.21, did not affect clouds on your own
                  | square.
 19158 | Slime:1  | Learned a level 4 spell: Passage of Golubria
 19185 | Slime:2  | Gained mutation: Potions are less effective at restoring
                  | your health. [a shining eye]
 19254 | Slime:2  | Reached skill level 13 in Spellcasting
 19438 | Slime:2  | Reached skill level 7 in Stealth
 19493 | Slime:2  | HP: 35/164 [large slime creature (30)]
 19507 | Slime:2  | Reached skill level 8 in Stealth
 19547 | Slime:2  | HP: 35/164 [slime creature (8)]
 19555 | Slime:2  | HP: 33/164 [slime creature (1)]
 19583 | Slime:3  | Gained mutation: You often lose your temper in combat. [a
                  | shining eye]
 19584 | Slime:3  | Gained mutation: Armour fits poorly on your strangely
                  | shaped body. [a shining eye]
 19645 | Slime:4  | Reached skill level 9 in Stealth
 19653 | Slime:4  | HP: 38/164 [acid (4)]
 19653 | Slime:4  | HP: 13/164 [titanic slime creature (25)]
 19654 | Slime:4  | HP: 4/164 [acid (5)]
 19659 | Slime:4  | Reached skill level 10 in Stealth
 19743 | Slime:5  | Entered Level 5 of the Pits of Slime
 19786 | Slime:5  | Reached skill level 6 in Short Blades
 19790 | Slime:5  | Noticed the Royal Jelly
 19802 | Slime:5  | Killed the Royal Jelly
 19802 | Slime:5  | Reached skill level 7 in Short Blades
 19828 | Slime:5  | Reached skill level 8 in Short Blades
 19885 | Slime:5  | Found the +8 longbow "Zephyr" {speed, Dex+3 SInv}
 19898 | Slime:5  | Identified the Volume of Unreason
 19940 | Slime:5  | Identified the -6 pair of boots "Anuzxy" {rC+ rN+ rCorr
                  | Str+4} (You found it on level 5 of the Pits of Slime)
 19962 | Slime:5  | Got a slimy rune of Zot
 20356 | D:12     | Irenicus: ?? passage of
 20356 | D:12     | beem: I don't have a page labeled passage_of in my learndb.
 20356 | D:12     | Irenicus: ?? passage of golubria
 20356 | D:12     | beem: passage of golubria[1/4]: A spell that lets you set
                  | up controlled teleport traps on the floor. Acts like the
                  | portal gun in Portal, but without the fancy physics.
                  | Something walks in one end and appears out the other,
                  | player and monsters included. Level 4 Tloc, in books of
                  | Spatial Translocations (Warper book), Warp and Burglary.
                  | Not affected by -Tele or stasis.
 20356 | D:12     | Noticed Sonja
 20360 | D:12     | Killed Sonja
 20399 | D:12     | You fall through a shaft for 2 floors!
 20408 | D:14     | Reached skill level 9 in Short Blades
 20408 | D:14     | Reached XP level 21. HP: 170/170 MP: 34/38
 20417 | D:14     | Found Jugg's Serpentskin Sales.
 20457 | D:14     | Noticed Azrael
 20478 | D:14     | Killed Azrael
 20488 | D:14     | Noticed Rupert
 20495 | D:14     | Killed Rupert
 20899 | D:13     | Found a gate to the Vaults.
 20934 | D:13     | Reached skill level 21 in Earth Magic
 21004 | Vaults:1 | Entered Level 1 of the Vaults
 21349 | Vaults:2 | You fall through a shaft for 2 floors!
 21377 | Vaults:4 | Reached skill level 22 in Earth Magic
 21419 | Vaults:4 | Found Wegisun's Jewellery Emporium.
 21542 | Vaults:4 | Reached skill level 23 in Earth Magic
 21758 | Vaults:5 | Entered Level 5 of the Vaults
 21764 | Vaults:5 | Reached skill level 24 in Earth Magic
 21764 | Vaults:5 | Reached XP level 22. HP: 157/178 MP: 39/39
 21787 | Vaults:5 | Reached skill level 25 in Earth Magic
 21796 | Vaults:5 | Noticed an ancient lich
 21805 | Vaults:5 | Noticed a golden dragon
 21811 | Vaults:5 | Killed an ancient lich
 21820 | Vaults:5 | Killed a golden dragon
 21854 | Vaults:5 | Reached skill level 26 in Earth Magic
 21985 | Vaults:5 | HP: 40/178 [vault warden/+0 war axe (26)]
 21987 | Vaults:5 | Slain by a vault warden

Skill      XL: |  1  2  3  4  5  6  7  8  9 10 11 12 13 14 15 16 17 18 19 20 21 22 |
---------------+-------------------------------------------------------------------+-----
Earth Magic    | 5 6 7 8 9 10 11 14 15 17 20 24 26 | 26.2
Short Blades   | 2 3 5 9 |  9.0
Spellcasting   | 2 4 6 10 11 13 | 13.4
Evocations     | 4 9 10 13 19 21 | 21.3
Stealth        | 6 10 | 10.2
Transmutations | 2 8 |  8.0
Shields        | 4 6 13 15 | 15.5
Necromancy     | 2 9 10 | 10.0
Fighting       | 2 6 |  6.4
Dodging        | 11 | 11.3
Translocations | 7 |  7.0
Armour         | 5 |  5.2

Action                   |  1- 3 |  4- 6 |  7- 9 | 10-12 | 13-15 | 16-18 | 19-21 | 22-24 || total
-------------------------+-------+-------+-------+-------+-------+-------+-------+-------++-------
Melee: Short sword       |    69 |       |       |       |       |       |       |       ||    69
       Dagger            |       |    55 |   255 |   115 |    35 |     8 |       |       ||   468
       Staff             |       |       |     5 |       |       |       |       |       ||     5
       Rapier            |       |       |       |       |       |    14 |   138 |       ||   152
 Cast: Sandblast         |    42 |    55 |    46 |   210 |   140 |   155 |   301 |     5 ||   954
       Passwall          |     3 |     8 |    16 |    35 |    11 |    60 |    35 |       ||   168
       Stone Arrow       |       |       |    37 |    31 |    25 |    19 |    21 |       ||   133
       Lee's Rapid Decon |       |       |    14 |    35 |    51 |    45 |   141 |    21 ||   307
       Petrify           |       |       |     9 |    39 |     7 |       |    53 |       ||   108
       Borgnjor's Vile C |       |       |       |     2 |   265 |   220 |   230 |    35 ||   752
       Apportation       |       |       |       |       |       |    31 |    91 |     5 ||   127
       Passage of Golubr |       |       |       |       |       |       |    55 |     1 ||    56
 Abil: Heal Wounds       |       |     1 |     2 |       |       |       |       |       ||     3
       Evoke Flight      |       |       |       |       |       |       |     1 |       ||     1
Evoke: Wand              |       |       |    14 |    25 |    40 |     8 |    34 |       ||   121
       Staff of energy   |       |       |    26 |    87 |   426 |   164 |   348 |    63 ||  1114
       Lamp of fire      |       |       |       |     1 |     4 |     6 |    11 |     2 ||    24
       Phial of floods   |       |       |       |       |       |     2 |     7 |       ||     9
       Fan of gales      |       |       |       |       |       |       |     3 |       ||     3
       Lightning rod     |       |       |       |       |       |       |    11 |       ||    11
       Crystal ball of e |       |       |       |       |       |       |     1 |       ||     1
  Use: Potion            |     1 |     4 |     1 |       |     2 |       |     4 |       ||    12
       Scroll            |       |     2 |    11 |    13 |    14 |     8 |    15 |     4 ||    67
 Stab: Sleeping          |     2 |     1 |     4 |     8 |     2 |    16 |    20 |       ||    53
       Distracted        |     1 |       |       |       |       |       |       |       ||     1
       Paralysed         |       |       |     3 |    10 |     1 |       |       |       ||    14
       Petrified         |       |       |     4 |    41 |    17 |       |    97 |       ||   159
       Petrifying        |       |       |     1 |    12 |     1 |       |     1 |       ||    15
       Confused          |       |       |       |       |       |       |     1 |       ||     1
  Eat: Chunk             |       |     5 |    10 |    18 |    22 |     8 |     6 |       ||    69
       Ration            |       |       |     1 |       |     5 |     6 |    10 |       ||    22
Armor: Robe              |    30 |       |       |       |       |       |       |       ||    30
       Leather armour    |       |    21 |   115 |    70 |    99 |   105 |   231 |    22 ||   663
Dodge: Dodged            |    98 |    38 |   227 |   167 |   244 |   199 |   499 |    46 ||  1518
Block: Buckler           |       |       |       |    62 |    36 |       |       |       ||    98
       Shield            |       |       |       |       |   122 |   288 |   679 |    63 ||  1152
       Reflection        |       |       |       |       |     9 |    49 |    45 |     8 ||   111

Levels and vault maps discovered:
D:1:      eino_arrival_water_star, layout_basic
D:2:      layout_loops_ring, marbit_many_paths, grunt_temple_overflow_open,
          tgw_xom
D:3:      layout_basic, chequers_ecumenical_altar_simple_redux,
          ebering_ghost_rock_garden, tgw_kikubaaqudgha
D:4:      layout_basic, minmay_temple_entry_glass, serial_shops,
          nicolae_shop_statue_plus, lemuel_blue_sif_altar
D:5:      layout_cave_pools, first_ration, serial_shops,
          nicolae_shop_competitors_out_of_business, evilmike_ruin_ashenzari
D:6:      minmay_klotski, layout_cave_pools, nicolae_ossuary_entry_monument,
          serial_bayou, serial_bayou_lagoon_b, serial_bayou_ford_a,
          serial_bayou_pond_b, serial_bayou_pond_d, minmay_unpleasant_kobolds
D:7:      layout_basic, lemuel_crystal_altar
D:8:      layout_gridville, overflow_temple_1_default, uniq_maurice
D:9:      layout_basic, nicolae_ru_awakened_eye, minmay_misc_feat_plants,
          grunt_pizzeria, grunt_ministairs_13, uniq_psyche, uniq_pikel
D:10:     layout_roguey [special_room_orc], minmay_lair_entry_lava,
          dk_yredelemnul_ordeal, uniq_nergalle
D:11:     kb_forest_paths, layout_cross, gauntlet_entry_generic
D:12:     layout_irregular_city, lemuel_nasty_fountain, uniq_sonja
D:13:     layout_rooms, lightli_vaults_fourway_checkpoint
D:14:     layout_stronghold, minmay_misc_feat_rugged, guppyfry_shop_venom,
          uniq_azrael, uniq_rupert
Lair:1:   layout_layer_cave, st_stairs_11, kennysheep_rathole
Lair:2:   layout_hall_layers, swamp_mist, kennysheep_abandoned_house,
          serial_bayou_shore_b, wad_woods_river_01
Lair:3:   layout_gridlike, serial_bayou_lagoon_a, beast_lair_carwin_8
Lair:4:   layout_gridlike, minmay_snake_entry_guardpost_large, st_stairs_12
Lair:5:   layout_long_grid, kilobyte_rumbling_trees, infiniplex_staircase_pool,
          lemuel_fruit_tree, minmay_lair_oklob_chamber, uniq_nessos
Lair:6:   minmay_lair_end_frog_pond, layout_layer_cave, slime_altar_1
Swamp:1:  layout_falls_marsh, evilmike_swamp_ruin_house_2, swamp_pool3,
          grunt_lady_of_the_lake
Swamp:2:  layout_basic_swamp, nicolae_swamp_fairy_circle, uniq_kirke
Swamp:3:  layout_falls_marsh, portal_ice_cave_entry_pillars_four,
          serial_swamp_ruin, evilmike_swamp_ruin_house_5,
          evilmike_swamp_ruin_house_4, swamp_pool2
Swamp:4:  swamp_basic_johnstein, layout_basic_swamp, swamp_pool1
Snake:1:  layout_layer_cave, basic_altar, drop_trap
Snake:2:  layout_honeycomb
Snake:3:  layout_basic
Snake:4:  grunt_snake_rune_serpentine_throne, layout_basic
Slime:1:  cheibrodos_slime_lost_civilization_3, layout_caves
Slime:2:  layout_caves
Slime:3:  layout_caves, nicolae_slime_welcoming_committee
Slime:4:  layout_caves
Slime:5
Orc:1:    layout_diamond_mine
Orc:2:    st_orc_open, layout_caves, uniq_donald
Elf:1:    layout_rooms, serial_shops, nicolae_shop_crystal,
          kennysheep_underground_church, uniq_frances
Elf:2:    layout_geoelf_octagon, drop_trap, grunt_megastairs_3, uniq_asterion,
          uniq_jorgrun
Elf:3:    elf_hall, layout_loops_corners, serial_co_window_serial,
          co_window_paths_a, co_window_paths_a, co_window_paths_a,
          co_window_of_opportunity_a, co_window_of_opportunity_a,
          co_window_of_opportunity_b, co_window_corner_b, co_window_corner_b,
          co_window_corner_b, co_window_broadway_c, co_window_broadway_c,
          co_window_2corner, co_window_paths_d, door_vault
Vaults:1: v_rooms_1, nicolae_vaults_little_squares_2, v_pattern_2, v_misc_1,
          nicolae_vaults_little_squares_3, vaults_dpeg_cross,
          hangedman_vaults_trim, ontoclasm_vaults_hangar, layout_vaults_big_room
Vaults:2: grunt_vaults_hallway_short, vaults_room_pools,
          hangedman_vaults_stream, minmay_crypt_entry_simple_box,
          hangedman_vaults_cutoff, ontoclasm_vaults_ring_small,
          nicolae_vaults_big_angled_halls, hangedman_vaults_capsules,
          v_alt_pattern_2, vaults_room_hallway, vaults_dpeg_encased_lava,
          grunt_vaults_funnel, vaults_room_corners,
          nicolae_vaults_little_squares_3, layout_vaults_omnibox
Vaults:4: nicolae_vaults_rhombus_5, v_misc_17, nicolae_vaults_little_squares_6,
          nicolae_vaults_diagonal_hallway_8, hangedman_vaults_maws,
          dpeg_vaults_monster_box, vaults_dpeg_ring, vaults_room_fours,
          nicolae_vaults_border_crossing, layout_vaults_omnigrid, serial_shops,
          shop_statue
Vaults:5: serial_shops
Abyss:2
Abyss:3
Ossuary:  ossuary_tomb_3
IceCv:    ice_cave_caverns_01
Gauntlet: minmay_gauntlet_mixed_big_or_small
          [nicolae_gauntlet_arena_flowing_pool,
          minmay_gauntlet_arena_77_run_for_it, gammafunk_gauntlet_arena_grid,
          minmay_gauntlet_arena_77_tiled_triplets,
          gammafunk_gauntlet_arena_hedges, minmay_gauntlet_arena_77_p_blocks,
          nicolae_gauntlet_exit_dead_adventurers]

Table legend:
 A = Turns spent in this place as a percentage of turns spent in the entire game.
 B = Non-inter-level travel turns spent in this place as a percentage of non-inter-level travel turns spent in the entire game.
 C = Inter-level travel turns spent in this place as a percentage of turns spent in this place.
 D = Turns resting spent in this place as a percentage of non-inter-level travel turns spent in this place.
 E = Turns spent auto-exploring this place as a percentage of non-inter-level travel turns spent in this place.
 F = Non-inter-level travel turns spent in this place divided by the number of levels of this place that you've seen.
                   A       B       C       D       E      F
               +-------+-------+-------+-------+-------+----------------------
         Total | 100.0 | 100.0 |   1.4 |   0.0 |   0.0 | 461.3
       Dungeon |  32.4 |  32.8 |   0.0 |   0.0 |   0.0 | 508.4
          Lair |  21.6 |  20.5 |   6.4 |   0.0 |   0.0 | 742.3
         Swamp |   4.5 |   4.5 |   0.1 |   0.0 |   0.0 | 246.5
     Snake Pit |   9.2 |   9.3 |   0.0 |   0.0 |   0.0 | 506.8
    Slime Pits |   4.5 |   4.5 |   0.0 |   0.0 |   0.0 | 197.0
  Orcish Mines |   5.4 |   5.5 |   0.0 |   0.0 |   0.0 | 591.5
   Elven Halls |  11.3 |  11.4 |   0.0 |   0.0 |   0.0 | 825.7
        Vaults |   4.5 |   4.5 |   0.0 |   0.0 |   0.0 | 245.8
         Abyss |   2.0 |   2.0 |   0.0 |   0.0 |   0.0 | 218.5
       Ossuary |   1.6 |   1.6 |   0.0 |   0.0 |   0.0 | 354.0
      Ice Cave |   1.4 |   1.5 |   0.0 |   0.0 |   0.0 | 317.0
      Gauntlet |   1.6 |   1.7 |   0.0 |   0.0 |   0.0 | 361.0
               +-------+-------+-------+-------+-------+----------------------

Table legend:
 A = Kills in this place as a percentage of kills in entire the game.
 B = Kills by you in this place as a percentage of kills by you in the entire game.
 C = Kills by friends in this place as a percentage of kills by friends in the entire game.
 D = Other kills in this place as a percentage of other kills in the entire game.
 E = Experience gained in this place as a percentage of experience gained in the entire game.
 F = Experience gained in this place divided by the number of levels of this place that you have seen.
                   A       B       C       D       E      F
               +-------+-------+-------+-------+-------+----------------------
         Total | 100.0 | 100.0 | 100.0 | 100.0 | 100.0 | 16720.9
       Dungeon |  24.6 |  24.9 |   7.1 |   9.5 |   6.1 | 3417.9
          Lair |  13.8 |  14.1 |   0.0 |   0.0 |   7.5 | 9861.2
         Swamp |   7.0 |   6.9 |  14.3 |   9.5 |   7.2 | 14089.2
     Snake Pit |  12.6 |  12.7 |   0.0 |  14.3 |  16.9 | 33252.5
    Slime Pits |   7.2 |   6.7 |  78.6 |   0.0 |  12.0 | 18925.6
  Orcish Mines |   7.0 |   7.1 |   0.0 |   4.8 |   3.9 | 15403.0
   Elven Halls |  10.3 |  10.1 |   0.0 |  28.6 |  20.2 | 52997.7
        Vaults |  11.2 |  11.0 |   0.0 |  33.3 |  22.9 | 44901.2
         Abyss |   1.4 |   1.4 |   0.0 |   0.0 |   1.2 | 4615.5
       Ossuary |   0.9 |   0.9 |   0.0 |   0.0 |   0.0 | 206.0
      Ice Cave |   3.2 |   3.3 |   0.0 |   0.0 |   1.3 | 10497.0
      Gauntlet |   0.8 |   0.8 |   0.0 |   0.0 |   0.7 | 5531.0
               +-------+-------+-------+-------+-------+----------------------
